 Dungeon Crawl Stone Soup version 0.31.0-9-g3a7656b989 (webtiles) character file.

Game seed: 8653380397641519471

0 stipulation the Grave Robber (level 1, 0/9 HPs)
             Began as a Vine Stalker Necromancer on Jan 25, 2024.
             Slain by a gnoll
             ... wielding a +0 club
              (9 damage)
             ... on level 1 of the Dungeon.
             The game lasted 00:00:09 (49 turns).

stipulation the Grave Robber (VSNe)                   Turns: 49, Time: 00:00:10

Health: 0/9        AC:  2    Str: 10    XL:     1   Next: 10%
Magic:  0/4        EV: 12    Int: 15    God:
Gold:   0          SH:  0    Dex: 14    Spells: 3/4 levels left

rFire   . . .        (no weapon)
rCold   . . .        (no shield)
rNeg    . . .        a - +0 robe
rPois   .            (no helmet)
rElec   .            (no cloak)
rCorr   .            (no gloves)
SInv    .            (no boots)
Will    .....        (no amulet)
Stlth   ++           (no ring)
HPRegen 1.01/turn    (no ring)
MPRegen 0.09/turn

%: guardian spirit
@: no status effects
A: fangs 2, regeneration 1, magic shield, antimagic bite, no potion heal 2
a: no special abilities


You were on level 1 of the Dungeon.
You visited 1 branch of the dungeon, and saw 1 of its levels.

Inventory:

Armour
 a - a +0 robe (worn)
Potions
 b - a potion of magic


   Skills:
 + Level 1.5 Dodging
 + Level 2.4 Stealth
 + Level 2.2 Spellcasting
 + Level 4.0 Necromancy


You had 3 spell levels left.
You knew the following spells:

 Your Spells              Type           Power      Damage    Failure   Level
a - Necrotise             Necr           52%        1d6       4%          1

Your spell library contained the following spells:

 Spells                   Type           Power      Damage    Failure   Level
 Vampiric Draining        Necr           13%        2d6       13%         3
 Animate Dead             Necr           13%        N/A       38%         4
 Curse of Agony           Necr           13%        N/A       75%         5


Dungeon Overview and Level Annotations

Branches:
Dungeon (1/15)

Altars:


Innate Abilities, Weirdness & Mutations

You have extremely sharp teeth.
Your natural rate of healing is unusually fast.
When hurt, damage is shared between your health and your magic reserves.
Your bite disrupts and absorbs the magic of your enemies.
Potions cannot restore your health.


Message History

A gnoll and a rat come into view.
The gnoll shouts!
The rat squeaks loudly.
There are monsters nearby!
Casting: Necrotise (safe; 4% risk of failure)
Confirm with . or Enter, or press ? or * to list all spells.
Aiming: Necrotise (safe; 4% risk of failure)
Press: ? - help, Shift-Dir - straight line, f - rat
Aim: a rat (chance to affect: 83%)
The rat writhes in agony.
Casting: Necrotise (safe; 4% risk of failure)
Confirm with . or Enter, or press ? or * to list all spells.
Aiming: Necrotise (safe; 4% risk of failure)
Press: ? - help, Shift-Dir - straight line, f/p - rat
Aim: a rat (severely wounded, chance to affect: 83%)
The rat writhes in agony.
You kill the rat!
The dead are walking!
Casting: Necrotise (safe; 4% risk of failure)
Confirm with . or Enter, or press ? or * to list all spells.
You can't see any susceptible monsters within range! (Use Z to cast anyway.) Unknown command.
Something hits your rat skeleton!
Your rat skeleton is destroyed!
Casting: Necrotise (safe; 4% risk of failure)
Confirm with . or Enter, or press ? or * to list all spells.
Aiming: Necrotise (safe; 4% risk of failure)
Press: ? - help, Shift-Dir - straight line, f - gnoll
Aim: a gnoll, wielding a +0 club (chance to affect: 76%)
The gnoll writhes in agony.
Casting: Necrotise (safe; 4% risk of failure)
Confirm with . or Enter, or press ? or * to list all spells.
Aiming: Necrotise (safe; 4% risk of failure)
Press: ? - help, Shift-Dir - straight line, f/p - gnoll
Aim: a gnoll, wielding a +0 club (moderately wounded, chance to affect: 76%)
The gnoll writhes in agony.
You hit the gnoll. You bite the gnoll, but do no damage.
The gnoll is heavily wounded.
The gnoll hits you with a +0 club!
Ouch! That really hurt!
You die...

###.###
#6#.#N#
###.###
#.#.#.#
###'###
#..# #..#
##.# #@#
#g#
####.####
#.......#
#.##.##g#
# #.# .#
#.# .#
#.# .#
#.# .#


You could see a gnoll.

Vanquished Creatures
  A rat (D:1)
1 creature vanquished.

Notes
Turn   | Place    | Note
-------+----------+-------------------------------------------
     0 | D:1      | stipulation the Vine Stalker Necromancer began the quest
                  | for the Orb.
     0 | D:1      | Reached XP level 1. HP: 9/9 MP: 4/4
     2 | D:1      | Noticed a barachi
     2 | D:1      | Noticed a vine stalker
     4 | D:1      | Noticed a formicid
     4 | D:1      | Noticed a tengu
     6 | D:1      | Noticed a gargoyle
     6 | D:1      | Noticed a minotaur
     8 | D:1      | Noticed an oni
     8 | D:1      | Noticed an elf
    10 | D:1      | Noticed a demigod
    10 | D:1      | Noticed a felid
    12 | D:1      | Noticed a spriggan
    12 | D:1      | Noticed an armataur
    14 | D:1      | Noticed a draconian
    16 | D:1      | Noticed a ghoul
    16 | D:1      | Noticed a troll
    18 | D:1      | Noticed a merfolk
    18 | D:1      | Noticed a vampire
    20 | D:1      | Noticed a human
    22 | D:1      | Noticed a djinni
    24 | D:1      | Noticed an octopode
    26 | D:1      | Noticed a demonspawn
    26 | D:1      | Noticed a naga
    49 | D:1      | Slain by a gnoll

Illustrated notes

Levels and vault maps discovered:
D:1:      kb_arrival_jail, layout_loops_ring, serial_shops,
          nicolae_shop_tiny_glass

Action                     || total
---------------------------++-------
  Melee: Unarmed           ||     1
         Bite              ||     1
   Cast: Necrotise         ||     4
 Armour: Robe              ||     1
